 Dungeon Crawl Stone Soup version 0.31-a0-455-g1a7b003ef0 (webtiles) character file.

Game seed: 18179392174406146612

22 senseless the Changeling (level 2, 0/18 HPs)
             Began as an Octopode Shapeshifter on Aug 3, 2023.
             Succumbed to an adder's poison
             ... on level 2 of the Dungeon.
             The game lasted 00:01:01 (847 turns).

senseless the Changeling (Octopode Shapeshifter)     Turns: 847, Time: 00:01:02

Health: 0/18       AC:  1    Str: 14    XL:     2   Next: 91%
Magic:  2/2        EV: 13    Int: 10    God:
Gold:   52         SH:  0    Dex: 12    Spells: 1/1 levels left

rFire   . .          .
                       - Unarmed
rCold   . . .        (no shield)
rNeg    . . .        (helmet currently unavailable)
rPois   .            (no amulet)
rElec   .            (no ring)
rCorr   .            (no ring)
SInv    .            (no ring)
Will    .....        (no ring)
Stlth   +++          (no ring)
HPRegen 0.23/turn    (no ring)
MPRegen 0.08/turn    (no ring)
                     (no ring)

%: no passive effects
@: lethally poisoned (0 -> -4), beast-form
A: beast (slay +2), almost no armour, amphibious, 8 rings, camouflage 1,
gelatinous body 1, (nimble swimmer 1), tentacles
a: Begin Untransformation


You were on level 2 of the Dungeon.
You were a hulking beast.
You visited 1 branch of the dungeon, and saw 2 of its levels.

You collected 52 gold pieces.

Inventory:

Missiles
 c - 2 javelins
Talismans
 b - a beast talisman (active)
Scrolls
 d - 2 scrolls of teleportation {unknown}
 f - a scroll of identify {unknown}
Potions
 a - 2 potions of lignification
 e - a potion of cancellation {unknown}


   Skills:
 + Level 1.4 Fighting
 + Level 2.2 Dodging
 + Level 1.1 Stealth
 + Level 3.1 Unarmed Combat
 * Level 3.2 Shapeshifting


You had one spell level left.
You didn't know any spells.
Your spell library contained the following spells:

 Spells                   Type           Power      Damage    Failure   Level
 Summon Guardian Golem    Hex/Summ       0%         N/A       75%         3
 Orb of Destruction       Conj           0%         9d5       100%        7
 Spellforged Servitor     Conj/Summ      0%         N/A       100%        7


Dungeon Overview and Level Annotations

Branches:
Dungeon (2/15)

Altars:


Innate Abilities, Weirdness & Mutations

You are a hulking beast.
Your limbs bulge with bestial killing power. (Slay +2)
You cannot wear most types of armour.
You are amphibious.
You can wear up to eight rings at the same time.
Your skin changes colour to match your surroundings (Stealth+).
Your rubbery body absorbs attacks. (AC +1, EV +1)
((You are camouflaged when in or above water. (Stealth+)))
You have tentacles for arms and can constrict up to eight enemies at once.


Message History

Found a golden potion and a scroll labelled DAXZUDGH FINYT.
There is a stone staircase leading up here.
A goblin and a jackal come into view.
The goblin shouts!
An endoplasm comes into view.
The jackal moves out of view.
The endoplasm quivers.
You tentacle-slap the rat.
You kill the rat!
An adder comes into view.
The bat misses you.
The adder hisses angrily.
The jackal barks!
You tentacle-slap the bat. Your grab misses the bat.
The bat is moderately wounded.
The bat hits you but does no damage.
A goblin comes into view. It is wielding a +0 club.
Found a hand axe.
The bat hits you.
You tentacle-slap the bat. Your grab misses the bat.
The bat is heavily wounded.
The bat closely misses you.
The goblin unwields a +0 club.
The goblin wields a +0 sling.
The goblin shoots a sling bullet.
The sling bullet closely misses you.
You hear a shout!
You tentacle-slap the adder. Your grab misses the adder.
The adder is moderately wounded.
The goblin hits you with a +0 club. The endoplasm hits you.
The adder bites you.
You are poisoned.
The adder poisons you!
You miss the bat. You grab the bat. You squeeze the bat.
The bat is severely wounded.
You constrict the bat.
You kill the bat!
You feel sick. The goblin hits you with a +0 club. The endoplasm hits you.
* * * LOW HITPOINT WARNING * * *
The adder closely misses you.
A jackal comes into view.
The goblin attacks as you move away! The goblin hits you with a +0 club.
* * * LOW HITPOINT WARNING * * *
You die...

......##..)...#
.########..###.#
.. #..# #.# ..
#####..###.#
.......#...#
#...#.###P.P .
#..........P♣ ...
#..<#.....♣PP
.....##h#######.!.
#...hJ........ P.
#....Sg...###.
#.........#
...?.g.....#
...........#
..##.##....# .. #.
...... h# ...P.♣P


You could see an adder, an endoplasm, a jackal and 2 goblins.

Vanquished Creatures
  An adder (D:2)
  A bat (D:2)
  3 endoplasms (D:1)
  A giant cockroach (D:2)
  A hobgoblin (D:1)
  A quokka (D:1)
  A frilled lizard (D:1)
  A kobold (D:1)
  2 rats
12 creatures vanquished.

Notes
Turn   | Place    | Note
-------+----------+-------------------------------------------
     0 | D:1      | senseless the Octopode Shapeshifter began the quest for the
                  | Orb.
     0 | D:1      | Reached XP level 1. HP: 13/13 MP: 1/1
   298 | D:1      | Reached XP level 2. HP: 18/18 MP: 2/2
   794 | D:2      | Reached skill level 1 in Stealth
   847 | D:2      | Succumbed to an adder's poison

Illustrated notes

Levels and vault maps discovered:
D:1:      sevenhm_arrival_forest_fort_small_6, layout_loops_ring, serial_glass,
          glass_columns_b, glass_columns_b, minmay_strange_pillars,
          feat_on_display
D:2:      layout_basic, serial_forest, infiniplex_forest_lined_2,
          infiniplex_forest_straight_4, infiniplex_forest_end_3,
          infiniplex_forest_zigzag_1, infiniplex_forest_clump_tiny,
          infiniplex_forest_clump_medium, infiniplex_forest_clump_medium,
          infiniplex_forest_clump_long, minmay_tall_x

Skill      XL: |  1  2 |
---------------+-------+-----
Stealth        | 1 |  1.1
Fighting       | |  1.4
Dodging        | |  2.2
Unarmed Combat | |  3.1
Shapeshifting  | |  3.2

Action                     || total
---------------------------++-------
  Melee: Unarmed           ||    27
         Tentacles         ||     4
         Constrict         ||     5
   Stab: Sleeping          ||     4
 Armour: Skin              ||     1
  Dodge: Dodged            ||    13

Table legend: (Time is in decaauts)
 A = Elapsed time spent in this place.
 B = Non-inter-level travel time spent in this place.
 C = Inter-level travel time spent in this place.
 D = Time resting spent in this place.
 E = Time spent auto-exploring this place.
 F = Levels seen in this place.
 G = Mean time per level.
                   A        B        C        D        E       F      G
               +--------+--------+--------+--------+--------+-----+--------+
         Total |    845 |    814 |     31 |      0 |    715 |   2 |  422.5 |
       Dungeon |    845 |    814 |     31 |      0 |    715 |   2 |  422.5 |
               +--------+--------+--------+--------+--------+-----+--------+

Top non-repeatable levels by time:
     D:1: 767 daAuts
     D:2: 77 daAuts
